 Dungeon Crawl Stone Soup version 0.28-a0-472-g50180c0d78 (webtiles) character file.

Game seed: 17030810764815977760

1586 Morbidden the Firebug (level 8, -5/63 HPs)
             Began as a Demigod Fire Elementalist on Sept 14, 2021.
             Slain by a gnoll sergeant (12 damage)
             ... on level 5 of the Dungeon.
             The game lasted 00:10:49 (7227 turns).

Morbidden the Firebug (Demigod Fire Elementalist)   Turns: 7227, Time: 00:10:50

Health: -5/63      AC:  6    Str:  9    XL:     8   Next: 34%
Magic:  12/19      EV:  6    Int: 25    God:
Gold:   170        SH:  0    Dex: 14    Spells: 10/17 levels left

rFire   . . .      SeeInvis .   z - +4 falchion
rCold   + . .      Faith    .   (no shield)
rNeg    . . .      Spirit   .   h - +0 leather armour
rPois   .          Reflect  .   (no helmet)
rElec   .          Harm     .   e - +2 cloak
rCorr   .          Rampage  .   (no gloves)
Will    .....                   (no boots)
Stlth   ++........              g - amulet of regeneration
HPRegen 1.20/turn               v - ring of protection from cold
MPRegen 0.16/turn               (no ring)

@: held
A: high mp 1, forlorn
a: no special abilities


You were on level 5 of the Dungeon.
You visited 1 branch of the dungeon, and saw 5 of its levels.
You also visited: Ossuary.

You collected 170 gold pieces.

Inventory:

Hand Weapons
 a - a +0 short sword
 z - a +4 falchion (weapon)
Missiles
 w - 2 throwing nets
Armour
 e - a +2 cloak (worn)
 h - a +0 leather armour (worn)
Magical Staves
 y - a staff of death
Jewellery
 g - an amulet of regeneration (around neck)
 v - a ring of protection from cold (left hand)
Wands
 x - a wand of mindburst (11)
Scrolls
 i - 2 scrolls of noise
 l - a scroll of identify
 p - 2 scrolls of teleportation
 r - a scroll of holy word
 s - a scroll of summoning {unknown}
 t - 2 scrolls of vulnerability {unknown}
 u - a scroll of immolation {unknown}
Potions
 b - 3 potions of curing {unknown}
 c - 2 potions of heal wounds {unknown}
 d - a potion of brilliance {unknown}
 f - 2 potions of haste {unknown}
 j - a potion of degeneration {unknown}
 k - 4 potions of berserk rage {unknown}
 m - 2 potions of mutation {unknown}
 n - 2 potions of might {unknown}
 o - 2 potions of lignification {unknown}
 q - a potion of invisibility {unknown}


   Skills:
 * Level 3.2 Fighting
 * Level 3.1 Short Blades
 + Level 1.9 Armour
 + Level 2.3 Dodging
 + Level 1.8 Stealth
 * Level 5.0 Spellcasting
 * Level 3.3 Conjurations
 * Level 5.9 Fire Magic


You had 10 spell levels left.
You knew the following spells:

 Your Spells              Type           Power      Damage    Failure   Level
a - Foxfire               Conj/Fire      100%       2x1d9     1%          1
b - Scorch                Fire           72%        2d9       1%          2
c - Flame Wave            Conj/Fire      29%        3d7       17%         4

Your spell library contained the following spells:

 Spells                   Type           Power      Damage    Failure   Level
 Conjure Flame            Conj/Fire      29%        6-21      4%          3
 Inner Flame              Hex/Fire       21%        N/A       10%         3


Dungeon Overview and Level Annotations

Branches:
Dungeon (5/15)            Ossuary (visited)
 Temple: D:4-7


Innate Abilities, Weirdness & Mutations

Your attributes grow dramatically as you level up.
You have an increased reservoir of magic. (+10% MP)
You shall have no god before yourself.


Message History

Flames lash the gnoll.
The gnoll is almost dead.
The gnoll's fire resistance burns away.
The foxfire hits the gnoll sergeant but does no damage.
The foxfire hits the gnoll sergeant.
The gnoll sergeant is lightly wounded.
The gnoll sergeant hits you from afar with a +2 spear of distortion!
Space warps horribly around you!! The gnoll barely misses you.
Casting: Scorch (safe; 1% risk of failure)
Confirm with . or Enter, or press ? or * to list all spells.
You conjure some foxfire!
The gnoll sergeant hits you from afar with a +2 spear of distortion!
Space bends around you. The gnoll barely misses you.
Unknown command.
Unknown command.
Your foxfire dissipates!
The foxfire hits the gnoll sergeant.
The gnoll sergeant is moderately wounded.
There is an open door here.
The gnoll is no longer more vulnerable to fire.
A gnoll opens the door.
The gnoll throws a throwing net.
The throwing net hits you.
You become entangled in the net!
You see here a throwing net.
You struggle against the net.
The gnoll sergeant hits you from afar with a +2 spear of distortion.
Space warps horribly around you!!
* * * LOW HITPOINT WARNING * * *
You struggle against the net.
The gnoll sergeant hits you but does no damage.
The gnoll hits you from afar with a +0 spear.
* * * LOW HITPOINT WARNING * * *
You struggle against the net.
The gnoll sergeant closely misses you.
The gnoll hits you from afar with a +0 spear.
* * * LOW HITPOINT WARNING * * *
The gnoll hits you from afar with a +0 spear.
* * * LOW HITPOINT WARNING * * *
You struggle against the net.
The gnoll sergeant hits you from afar with a +2 spear of distortion!
You die...

######## #......# #......#
#......#
###########.g....##############
......>...'.g.@..'.............
..........#.g....##############
..........'g.................))
..........#.........(...#######
.......##########.....).#
.....). #.......# .......
#.......# ###...# #.......#
#... #.......#


You could see a gnoll sergeant and 3 gnolls.

Vanquished Creatures
  4 yaks
  Menkaure (D:5)
  A necrophage (D:4)
  An ice beast (D:5)
  2 jellies
  2 orc priests
  A hound (D:5)
  2 iguanas
  Terence (D:1)
  A centaur skeleton (D:5)
  2 orc wizards
  14 mummies (Ossuary)
  A howler monkey skeleton (D:5)
  7 adders
  5 gnolls
  A white imp (D:5)
  An ufetubus (D:4)
  3 dart slugs
  7 orcs
  3 bats
  5 endoplasms
  4 giant cockroaches
  5 goblins
  5 hobgoblins
  3 quokkas
  5 ball pythons
  A frilled lizard (D:1)
  2 gnoll skeletons (Ossuary)
  2 goblin skeletons (Ossuary)
  7 kobolds
  2 kobold skeletons (Ossuary)
  2 orc skeletons (Ossuary)
  2 quokka zombies (D:4)
  4 rats
  11 rat skeletons (Ossuary)
120 creatures vanquished.

Vanquished Creatures (others)
  525 foxfires
525 creatures vanquished.

Grand Total: 645 creatures vanquished

Notes
Turn   | Place    | Note
-------+----------+-------------------------------------------
     0 | D:1      | Morbidden the Demigod Fire Elementalist began the quest for
                  | the Orb.
     0 | D:1      | Reached XP level 1. HP: 14/14 MP: 5/5
   330 | D:1      | Reached skill level 1 in Conjurations
   511 | D:1      | Reached XP level 2. HP: 20/20 MP: 4/7
   644 | D:1      | Learned a level 2 spell: Scorch
  1050 | D:2      | Noticed Terence
  1103 | D:1      | Killed Terence
  1104 | D:1      | Reached XP level 3. HP: 27/27 MP: 0/8
  1232 | D:2      | You fall into a shaft and drop 1 floor!
  1370 | D:3      | Reached skill level 1 in Fighting
  1822 | D:2      | Reached XP level 4. HP: 35/35 MP: 2/10
  2537 | D:2      | Learned a level 4 spell: Flame Wave
  3329 | D:4      | Found a sand-covered staircase.
  3363 | Ossuary  | Entered an ossuary
  3787 | Ossuary  | Reached skill level 1 in Armour
  3891 | Ossuary  | Reached XP level 5. HP: 39/40 MP: 3/12
  4050 | Ossuary  | Reached skill level 1 in Short Blades
  4739 | Ossuary  | Reached XP level 6. HP: 36/47 MP: 1/14
  5045 | D:4      | Noticed a yak
  5047 | D:4      | Noticed a yak
  5061 | D:4      | Noticed a yak
  5062 | D:4      | Noticed a yak
  5096 | D:4      | Killed a yak
  5577 | D:4      | Reached XP level 7. HP: 55/55 MP: 6/16
  6196 | D:4      | Killed a yak
  6249 | D:4      | Killed a yak
  6250 | D:4      | Reached skill level 5 in Fire Magic
  6360 | D:5      | Entered Level 5 of the Dungeon
  6723 | D:5      | Noticed Menkaure
  6726 | D:5      | Killed Menkaure
  6727 | D:5      | Reached XP level 8. HP: 62/62 MP: 12/18
  7152 | D:5      | Reached skill level 5 in Spellcasting
  7227 | D:5      | Slain by a gnoll sergeant

Illustrated notes

Levels and vault maps discovered:
D:1:      dpeg_arrival_solitude, layout_basic, ebering_ecumenical_altar_mist,
          chequers_serial_rivers_micro_a
D:2:      layout_loops_ring, uniq_terence
D:3:      layout_basic, nemelex_dance_club_becter, roderic_roman_lattice,
          kennysheep_pointless_box
D:4:      layout_loops_ring, enter_ossuary_4
D:5:      layout_basic, uniq_menkaure

Skill      XL: |  1  2  3  4  5  6  7  8 |
---------------+-------------------------+-----
Fire Magic     | 3 4 5 |  5.9
Conjurations   | 1 2 3 |  3.3
Spellcasting   | 2 3 4 5 |  5.0
Fighting       | 1 2 3 |  3.2
Armour         | 1 |  1.9
Short Blades   | 1 2 3 |  3.1
Dodging        | 2 |  2.3
Stealth        | |  1.8

Action                   |  1- 3 |  4- 6 |  7- 9 || total
-------------------------+-------+-------+-------++-------
Melee: Short sword       |    15 |     4 |       ||    19
 Cast: Foxfire           |    78 |   165 |    67 ||   310
       Scorch            |     4 |    36 |    36 ||    76
  Use: Scroll            |       |     6 |       ||     6
 Stab: Sleeping          |       |     1 |       ||     1
Armor: Robe              |     1 |       |       ||     1
       Leather armour    |     8 |     9 |     4 ||    21
Dodge: Dodged            |    28 |     9 |    24 ||    61

Table legend: (Time is in decaauts)
 A = Elapsed time spent in this place.
 B = Non-inter-level travel time spent in this place.
 C = Inter-level travel time spent in this place.
 D = Time resting spent in this place.
 E = Time spent auto-exploring this place.
 F = Levels seen in this place.
 G = Mean time per level.
                   A        B        C        D        E       F      G
               +--------+--------+--------+--------+--------+-----+--------+
         Total |   7230 |   7018 |    212 |    728 |   5195 |   6 | 1205.0 |
       Dungeon |   5724 |   5512 |    212 |    451 |   4165 |   5 | 1144.8 |
       Ossuary |   1505 |   1505 |      0 |    277 |   1030 |   1 | 1505.0 |
               +--------+--------+--------+--------+--------+-----+--------+

Top non-repeatable levels by time:
 Ossuary: 1505 daAuts
     D:4: 1462 daAuts
     D:3: 1186 daAuts
     D:1: 1180 daAuts
     D:2: 1028 daAuts
     D:5: 866 daAuts
